 Dungeon Crawl Stone Soup version 0.32-a0-975-g85d4e5bfdb (webtiles) character file.

Game seed: 2851070195371052179

128 jasper the Poker (level 4, -6/35 HPs)
             Began as a Demonspawn Warper on Apr 19, 2024.
             Was an Initiate of Yredelemnul.
             Mangled by a black bear (10 damage)
             ... on level 4 of the Dungeon.
             The game lasted 00:07:32 (2506 turns).

jasper the Poker (Demonspawn Warper)                Turns: 2506, Time: 00:07:32

Health: -6/35      AC:  6    Str: 13    XL:     4   Next: 87%
Magic:  7/7        EV:  8    Int: 14    God:    Yredelemnul [......]
Gold:   98         SH:  0    Dex: 12    Spells: 7/7 levels left

rFire   . . .        a - +0 spear
rCold   . . .        (no shield)
rNeg    . . .        g - +0 scale mail
rPois   .            (no helmet)
rElec   .            (no cloak)
rCorr   .            (no gloves)
SInv    .            (no boots)
Will    .....        (no amulet) Stlth
                     (no ring)
HPRegen 0.25/turn    (no ring)
MPRegen 0.10/turn

%: no passive effects
@: brilliant, wreathed by umbra, invisible
A: weakness stinger 1
a: Renounce Religion, Light the Black Torch, Recall Undead Harvest


You were on level 4 of the Dungeon.
You worshipped Yredelemnul.
Yredelemnul was noncommittal.
You visited 2 branches of the dungeon, and saw 5 of its levels.
You also visited: Sewer.

You collected 98 gold pieces.

Inventory:

Hand Weapons
 a - a +0 spear (weapon)
 n - a +0 dagger
Missiles
 d - 7 darts of dispersal (quivered)
 h - 20 stones
Armour
 b - a +1 leather armour
 g - a +0 scale mail (worn)
Jewellery
 l - a +6 ring of intelligence
Talismans
 m - a beast talisman
Scrolls
 f - a scroll of enchant armour
Potions
 i - 3 potions of attraction
 j - 2 potions of brilliance
 k - a potion of invisibility


   Skills:
 + Level 3.3 Fighting
 * Level 3.9 Polearms
 - Level 0.8 Throwing
 - Level 0.8 Armour
 - Level 1.7 Dodging
 - Level 2.0 Spellcasting
 - Level 2.6 Translocations


You had 7 spell levels left.
You didn't know any spells.
Your spell library contained the following spells:

 Spells                   Type           Power      Damage    Failure   Level
 Blink                    Tloc           26%        N/A       50%         2
 Lesser Beckoning         Tloc           26%        N/A       50%         2
 Maxwell's Portable Pile  Tloc           13%        2d(6-17)  75%         3
 Teleport Other           Tloc           13%        N/A       75%         3
 Vhi's Electric Charge    Tloc/Air       14%        N/A       100%        4


Dungeon Overview and Level Annotations

Branches:
Dungeon (4/15)             Temple (1/1) D:4           Sewer (visited)

Altars:
Ashenzari
Cheibriados
Dithmenos
Fedhas
Gozag
Hepliaklqana
Kikubaaqudgha
Makhleb
Nemelex Xobeh
Okawaru
Qazlal
Ru
Trog
Vehumet
Wu Jian
Xom
Yredelemnul


Innate Abilities, Weirdness & Mutations

You have a small tail.


Message History

* * * LOW HITPOINT WARNING * * *
The black bear claws you.
* * * LOW HITPOINT WARNING * * *
The black bear claws you but does no damage.
You take 7 damage, and have 6/35 hp.
Okay, then.
Okay, then.
You feel better. The black bear bites you.
The black bear claws you but does no damage.
The black bear closely misses you.
You regained 8 hp, and now have 15/35 hp.
You catch the helpless black bear completely off-guard!
You hit the black bear.
The black bear is moderately wounded.
Reach: a) +0 spear
Press: ? - help, Dir - move target, f - black bear
Aim: a black bear (moderately wounded, unable to see you, umbra, about 31% to evade your +0 spear)
You reach to attack!
You hit the black bear.
The black bear is heavily wounded.
You barely miss the black bear. You tail-slap the black bear.
The black bear is heavily wounded.
You hit the black bear.
The black bear is severely wounded.
The black bear barely misses you.
The black bear claws you but does no damage.
The black bear barely misses you.
You hit the black bear.
The black bear is severely wounded.
The black bear goes berserk!
You catch the helpless black bear completely off-guard!
You hit the black bear.
The black bear is almost dead.
The black bear bites you!
* * * LOW HITPOINT WARNING * * *
The black bear claws you but does no damage.
The black bear claws you.
* * * LOW HITPOINT WARNING * * *
The black bear bites you!
You die...
Your body rises from the dead as a mindless zombie.

.# #. ## .. .. #.
.# . #.##.#####
...##........+
##..........#
#..##..@#...# #
#..#.#hS..#
#.#....#..#.#
#..#....##..#
#.....>S....#
#..##....#..# ##.
..#..#....#.##...
#....#.#..#.....
##..#.$.##...#.


You could see a black bear (berserk, unable to see you) and an adder (unable to
see you).

Vanquished Creatures
  A gnoll (D:2)
  3 adders
  2 ufetubi (D:3)
  4 dart slugs (D:1)
  2 ribbon worms (D:2)
  An orc (D:4)
  5 endoplasms
  8 giant cockroaches
  10 goblins
  4 hobgoblins
  5 quokkas
  A ball python (D:1)
  4 bats
  7 frilled lizards
  4 kobolds
  5 rats
66 creatures vanquished.

Notes
Turn   | Place    | Note
-------+----------+-------------------------------------------
     0 | D:1      | jasper the Demonspawn Warper began the quest for the Orb.
     0 | D:1      | Reached XP level 1. HP: 16/16 MP: 3/3
   201 | D:1      | Gained mutation: You have a small tail. [demonic ancestry]
   201 | D:1      | Reached XP level 2. HP: 12/22 MP: 5/5
   600 | D:1      | Reached XP level 3. HP: 28/28 MP: 6/6
  1616 | D:3      | Found a glowing drain.
  1622 | D:3      | Reached XP level 4. HP: 35/35 MP: 7/7
  1646 | Sewer    | Entered a sewer
  2418 | D:4      | Found a staircase to the Ecumenical Temple.
  2422 | D:4      | Noticed a black bear
  2424 | Temple   | Entered the Ecumenical Temple
  2461 | Temple   | Became a worshipper of Yredelemnul the Fallen
  2506 | D:4      | Mangled by a black bear

Illustrated notes

Levels and vault maps discovered:
D:1:      psy_arrival_basics, layout_loops_ring, minmay_misc_feat_secret_circle,
          minmay_pentomino_t2
D:2:      layout_rooms, minmay_strange_pillars
D:3:      layout_loops_ring, serial_aquarium, aquarium_bridge_long_joined
          [aquarium_subvault_bridge, aquarium_subvault_window,
          aquarium_subvault_wall, aquarium_subvault_window,
          aquarium_subvault_window, aquarium_subvault_bridge],
          aquarium_bridge_island_small [aquarium_subvault_small_open,
          aquarium_subvault_window, aquarium_subvault_bridge,
          aquarium_subvault_bridge, aquarium_subvault_bridge],
          aquarium_window_1, aquarium_window_corridor_1, aquarium_window_2,
          aquarium_view_2d, aquarium_view_2d, aquarium_balcony_3b,
          gup_sewer_entry_pipe
D:4:      nicolae_cairo_tiling_large, layout_loops_cross,
          minmay_temple_entry_mini_moons
Temple:   nicolae_temple_bog_church

Skill      XL: |  1  2  3 |
---------------+----------+-----
Polearms       | 2 3 |  3.9
Fighting       | 3 |  3.3
Throwing       | |  0.8
Armour         | |  0.8
Dodging        | |  1.7
Spellcasting   | |  2.0
Translocations | |  2.6

Action                     |  1- 3 |  4- 6 || total
---------------------------+-------+-------++-------
  Melee: Spear             |   176 |   136 ||   312
         Tailslap          |    16 |    11 ||    27
  Throw: Dart              |       |     3 ||     3
 Invoke: Light the Black T |       |     1 ||     1
    Use: Scroll            |     4 |     3 ||     7
         Potion            |       |     6 ||     6
   Stab: Sleeping          |     1 |       ||     1
         Invisible         |       |     2 ||     2
 Armour: Leather armour    |    30 |       ||    30
         Scale mail        |    69 |   109 ||   178
  Dodge: Dodged            |    73 |    64 ||   137

Table legend: (Time is in decaauts)
 A = Elapsed time spent in this place.
 B = Non-inter-level travel time spent in this place.
 C = Inter-level travel time spent in this place.
 D = Time resting spent in this place.
 E = Time spent auto-exploring this place.
 F = Levels seen in this place.
 G = Mean time per level.
                   A        B        C        D        E       F      G
               +--------+--------+--------+--------+--------+-----+--------+
         Total |   2497 |   2396 |    101 |    498 |    968 |   6 |  416.2 |
       Dungeon |   2432 |   2341 |     91 |    481 |    968 |   4 |  608.0 |
        Temple |     48 |     38 |     10 |     17 |      0 |   1 |   48.0 |
         Sewer |     16 |     16 |      0 |      0 |      0 |   1 |   16.0 |
               +--------+--------+--------+--------+--------+-----+--------+

Top non-repeatable levels by time:
     D:1: 1155 daAuts
     D:3: 730 daAuts
     D:2: 480 daAuts
     D:4: 66 daAuts
  Temple: 48 daAuts
   Sewer: 16 daAuts
